 Dungeon Crawl Stone Soup version 0.22.1-1-ga44c0e5 (webtiles) character file.

39 bnggit the Insei (level 3, -4/23 HPs)
             Began as an Octopode Transmuter on Sept 26, 2018.
             Killed from afar by Natasha (8 damage)
             ... with a magic dart
             ... on level 2 of the Dungeon.
             The game lasted 00:04:44 (1268 turns).

bnggit the Insei (Octopode Transmuter)              Turns: 1268, Time: 00:04:45

Health: -4/23      AC:  1    Str: 10    XL:     3   Next: 45%
Magic:  6/6        EV: 13    Int: 15    God:
Gold:   74         SH:  0    Dex: 12    Spells: 5/6 levels left

rFire    . . .     SeeInvis .     - Unarmed
rCold    . . .     Gourm    .   (no shield)
rNeg     . . .     Faith    .   (helmet restricted)
rPois    .         Spirit   .   (no amulet)
rElec    .         Reflect  .   (no ring)
rCorr    .         Harm     .   (no ring)
MR       .....                  (no ring)
Stlth    ++........             (no ring)
HPRegen  0.07/turn              (no ring)
MPRegen  0.10/turn              (no ring)
                                (no ring)
                                (no ring)

@: appendage, flying
A: almost no armour, stealthy swim, amphibious, 8 rings, constrict 8, tentacle
spike 3, camouflage 1, gelatinous body 1
a: End Transformation


You were on level 2 of the Dungeon.
You were not hungry.
One of your tentacles had a temporary spike.
You visited 1 branch of the dungeon, and saw 2 of its levels.

You collected 74 gold pieces.

Inventory:

Missiles
 a - 11 arrows (quivered)
Scrolls
 b - a scroll of remove curse {unknown}
 e - a scroll of enchant weapon {unknown}
 f - a scroll of random uselessness {unknown}
 h - a scroll of identify {unknown}
Comestibles
 c - a ration


   Skills:
 + Level 1.0 Fighting
 + Level 2.3 Dodging
 + Level 0.5 Stealth
 + Level 3.8 Unarmed Combat
 + Level 2.1 Spellcasting
 + Level 2.3 Transmutations


You had 5 spell levels left.
You knew the following spells:

 Your Spells              Type           Power        Failure   Level  Hunger
a - Beastly Appendage     Tmut           #.....       9%          1    #......

Your spell library contained the following spells:

 Spells                   Type           Power        Failure   Level  Hunger
 Sticks to Snakes         Tmut           #.......     13%         2    ###....
 Spider Form              Tmut/Pois      #.........   38%         3    ###....
 Ice Form                 Ice/Tmut       #.......     80%         4    #####..
 Blade Hands              Tmut           #.........   93%         5    ######.


Dungeon Overview and Level Annotations

Branches:
Dungeon (2/15)

Altars:

Annotations:
D:2 Natasha, Terence


Innate Abilities, Weirdness & Mutations

You cannot wear most types of armour.
You are very stealthy in the water. (Stealth+)
You are amphibious.
You can wear up to eight rings at the same time.
You can use your tentacles to constrict eight enemies at once.
Your skin changes colour to match your surroundings (Stealth+).
Your rubbery body absorbs attacks. (AC +1, EV +1)
One of your tentacles bears a large vicious spike.


Message History

The crimson imp sputters.
You release your grip on Terence.
Terence hits you with a flail.
* * * LOW HITPOINT WARNING * * *
Found a leather armour.
You closely miss the goblin. Your grab misses the goblin.
Your tentacle spike misses the goblin.
The goblin closely misses you.
Found a scroll labeled KONUWIRHUE.
You barely miss the goblin. You grab the goblin.
You pierce the goblin.
The goblin is severely wounded.
You constrict the goblin.
You kill the goblin!
You barely miss Natasha. Your grab misses Natasha.
Your tentacle spike misses Natasha.
Natasha claws you.
* * * LOW HITPOINT WARNING * * *
It was a potion of flight.
You feel very buoyant.
You fly up into the air.
Natasha casts a spell at you. The magic dart hits you!
You die...

#
###..###..
..#........
.........
......
#..####.#5.
#.g5..h...
#.@#..#..#
##h# ###..
#@# #. #
#.?..# .#
#...#.. <.
..........
. #####
##... #...
.[.. .....


You could see Terence, Natasha, a crimson imp and a hobgoblin.

Vanquished Creatures
  3 dart slugs (D:1)
  3 leopard geckos (D:1)
  2 giant cockroaches (D:1)
  3 hobgoblins (D:1)
  A kobold (D:2)
  A ball python (D:1)
  4 bats (D:1)
  3 frilled lizards (D:1)
  5 goblins
  4 rats (D:1)
29 creatures vanquished.

Notes
Turn   | Place    | Note
-------+----------+-------------------------------------------
     0 | D:1      | bnggit the Octopode Transmuter began the quest for the Orb.
     0 | D:1      | Reached XP level 1. HP: 13/13 MP: 3/3
    66 | D:1      | Reached XP level 2. HP: 10/18 MP: 3/5
   650 | D:1      | Reached XP level 3. HP: 23/23 MP: 6/6
  1252 | D:2      | Noticed Terence
  1258 | D:2      | Noticed Natasha
  1268 | D:2      | Killed from afar by Natasha

Action                   || total
-------------------------++-------
Melee: Unarmed           ||    68
       Constrict         ||    21
       Kick              ||     3
       Tentacles         ||    12
 Cast: Beastly Appendage ||     2
  Use: Potion            ||     1
 Stab: Sleeping          ||     4
  Eat: Chunk             ||     1
Armor: Skin              ||     6
Dodge: Dodged            ||    28
